 Dungeon Crawl Stone Soup version 0.21.1-1-g345015f (webtiles) character file.

4984 wojtek the Protected (level 10, -14/91 HPs)
             Began as a Minotaur Fighter on Apr 2, 2018.
             Was a Follower of Makhleb.
             Demolished by a death yak (22 damage)
             ... on level 7 of the Dungeon.
             The game lasted 00:10:37 (6212 turns).

wojtek the Protected (Minotaur Fighter)             Turns: 6212, Time: 00:10:38

Health: -14/91     AC: 16    Str: 25    XL:     10   Next: 29%
Magic:  13/13      EV: 11    Int:  5    God:    Makhleb [*.....]
Gold:   447        SH:  9    Dex:  9    Spells: 9/9 levels left

rFire    . . .     SeeInvis +   a - +0 war axe
rCold    . . .     Gourm    .   c - +0 shield
rNeg     + + .     Faith    .   r - +0 pearl dragon scales
rPois    .         Spirit   .   (helmet restricted)
rElec    .         Reflect  .   A - +1 cloak
rCorr    .         Harm     .   (no gloves)
MR       .....                  (no boots)
Stlth    ..........             g - amulet of regeneration
HPRegen  0.65/turn              e - ring of positive energy
MPRegen  0.13/turn              p - ring of see invisible

@: no status effects
A: retaliatory headbutt, horns 2
a: Renounce Religion


You were on level 7 of the Dungeon.
You worshipped Makhleb.
Makhleb was aware of your devotion.
You were very hungry.

You visited 2 branches of the dungeon, and saw 9 of its levels.

You collected 447 gold pieces.

Inventory:

Hand Weapons
 a - a +0 war axe (weapon)
 b - a +1 whip of holy wrath
 n - a +2 hand axe of chopping
Armour
 c - a +0 shield (worn)
 r - +0 pearl dragon scales (worn)
 A - a +1 cloak (worn)
Jewellery
 e - a ring of positive energy (left hand)
 g - an amulet of regeneration (around neck)
 p - a ring of see invisible (right hand)
 w - an uncursed ring of positive energy
 F - an uncursed ring of flight {unknown}
Wands
 u - a wand of acid (7)
 x - a wand of polymorph (10)
 B - a wand of iceblast (4)
Scrolls
 i - 8 scrolls of identify {unknown}
 j - 5 scrolls of immolation {unknown}
 k - 2 scrolls of amnesia
 o - 2 scrolls of fear {unknown}
 q - a scroll of remove curse
 s - 4 scrolls of blinking {unknown}
 v - 3 scrolls of teleportation {unknown}
 y - a scroll of magic mapping {unknown}
 E - a scroll of enchant armour {unknown}
 G - a scroll of fog {unknown}
Potions
 d - a potion of might
 h - 8 potions of flight {unknown}
 l - 3 potions of curing {unknown}
 m - 5 potions of haste {unknown}
 t - 2 potions of lignification {unknown}
 z - 2 potions of resistance {unknown}
 D - a potion of heal wounds {unknown}
 I - a potion of agility {unknown}
 J - a potion of degeneration {unknown}
Books
 C - a book of Necromancy

   Spells                             Type                      Level
   a - Pain                           Necromancy                   1
   b - Animate Skeleton               Necromancy                   1
   c - Vampiric Draining              Necromancy                   3
   d - Regeneration                   Charms/Necromancy            3
   e - Animate Dead                   Necromancy                   4
   f - Borgnjor's Vile Clutch         Necromancy/Earth             5
 H - a book of Callings

   Spells                             Type                      Level
   a - Summon Small Mammal            Summoning                    1
   b - Call Imp                       Summoning                    2
   c - Call Canine Familiar           Summoning                    3
   d - Summon Guardian Golem          Hexes/Summoning              3
   e - Summon Lightning Spire         Summoning/Air                4
   f - Summon Ice Beast               Ice/Summoning                4
Comestibles
 f - 16 rations


   Skills:
 + Level 9.1 Fighting
 - Level 8.5 Axes
 + Level 9.1 Armour
 + Level 7.5 Dodging
 - Level 3.6 Shields
 * Level 6.3 Invocations


You had 9 spell levels left.
You didn't know any spells.

Dungeon Overview and Level Annotations

Branches:
Dungeon (8/15)             Temple (1/1) D:6            Lair (0/6) D:8

Altars:
Ashenzari
Cheibriados
Dithmenos
Elyvilon
Fedhas
Gozag
Hepliaklqana
Kikubaaqudgha
Makhleb
Nemelex Xobeh
Okawaru
Qazlal
Ru
Sif Muna
Trog
Uskayaw
Vehumet
Wu Jian
Xom
Yredelemnul
Zin
The Shining One


Innate Abilities, Weirdness & Mutations

You reflexively headbutt those who attack you in melee.
You have a pair of horns on your head.


Message History

You barely miss the death yak. The death yak misses you.
The death yak snorts and paws the ground.
You block the death yak's attack.
You hit the death yak.
The death yak is moderately wounded.
You slash the death yak! The death yak gores you!!
* * * LOW HITPOINT WARNING * * *
The death yak gores you.
* * * LOW HITPOINT WARNING * * *
As you read the scroll labeled MUURUQ MUTUUFF, it crumbles to dust.
It is a scroll of amnesia.
You feel forgetful for a moment.
The death yak gores you but does no damage.
You block the death yak's attack.
As you read the scroll labeled POFYDANG ERYHOWN, it crumbles to dust.
You feel blessed for a moment.
It was a scroll of remove curse.
The death yak gores you!
* * * LOW HITPOINT WARNING * * *
The death yak gores you!!
You die...

######### #...Y@Y.#
#.#####.# #.#####.#
#.##....# #.##)##.#
######## #.......#
#......###
####.##.#####.#.......
#..#........(##.###
##.#######.####.#


You could see 2 death yaks.

Vanquished Creatures
  The ghost of Serooblart the Fighter, a novice MiAK of Lugonu (D:8)
  A death yak (D:7)
  A water nymph (D:6)
  A troll (D:7)
  A spriggan (D:7)
  A yak (D:8)
  A sky beast (D:6)
  2 orc warriors
  An ice beast (D:6)
  A black bear (D:7)
  A necrophage (D:8)
  4 ogres
  A centaur (D:5)
  A big kobold (D:7)
  3 bullfrogs
  2 scorpions
  7 killer bees
  A crimson imp (D:6)
  3 bullfrog zombies (D:5)
  A quasit (D:7)
  2 centaur zombies
  4 hounds
  9 orc wizards
  5 orc priests
  2 iguanas (D:6)
  2 worker ants
  A hound skeleton (D:4)
  12 adders
  10 gnolls
  4 worms
  3 dart slugs
  3 leopard geckos
  33 orcs
  6 giant cockroaches
  9 goblins
  8 hobgoblins
  A jackal (D:3)
  12 kobolds
  6 quokkas
  3 ball pythons
  6 bats
  10 frilled lizards
  A leopard gecko zombie (D:6)
  A quokka zombie (D:6)
  5 rats
  5 plants (D:3)
198 creatures vanquished.

Vanquished Creatures (others)
  A sky beast (D:5)
  3 plants (D:3)
4 creatures vanquished.

Grand Total: 202 creatures vanquished

Notes
Turn   | Place    | Note
-------+----------+-------------------------------------------
     0 | D:1      | wojtek the Minotaur Fighter began the quest for the Orb.
     0 | D:1      | Reached XP level 1. HP: 19/19 MP: 0/0
    43 | D:1      | Reached XP level 2. HP: 20/26 MP: 1/1
   663 | D:2      | Reached XP level 3. HP: 20/31 MP: 2/2
   933 | D:2      | Reached skill level 5 in Axes
   998 | D:2      | Reached XP level 4. HP: 33/39 MP: 3/3
  1397 | D:3      | Reached XP level 5. HP: 40/45 MP: 4/4
  1478 | D:3      | Reached XP level 6. HP: 37/51 MP: 5/5
  1569 | D:3      | Found a shimmering altar of Xom.
  2424 | D:4      | Reached skill level 1 in Dodging
  2451 | D:4      | Reached XP level 7. HP: 39/59 MP: 6/6
  2998 | D:5      | Entered Level 5 of the Dungeon
  3124 | D:5      | Reached skill level 5 in Fighting
  3124 | D:5      | Reached skill level 5 in Armour
  3133 | D:5      | Noticed a hand axe
  3133 | D:5      | Noticed a dagger
  3134 | D:5      | Found a hide-covered altar of Uskayaw.
  3187 | D:5      | Reached XP level 8. HP: 65/69 MP: 7/7
  3673 | D:6      | Reached skill level 5 in Dodging
  3850 | D:6      | Found a staircase to the Ecumenical Temple.
  3864 | Temple   | Entered the Ecumenical Temple
  4020 | Temple   | Became a worshipper of Makhleb the Destroyer
  4396 | D:7      | Reached skill level 1 in Invocations
  4492 | D:7      | Noticed a troll
  4621 | D:7      | Reached XP level 9. HP: 72/79 MP: 7/9
  4679 | D:7      | Killed a troll
  4954 | D:7      | Reached * piety under Makhleb
  5178 | D:8      | Noticed a two-headed ogre
  5351 | D:6      | Noticed a water nymph
  5351 | D:6      | a two-headed ogre changed into a water nymph
  5465 | D:6      | Killed a water nymph
  5676 | D:8      | Reached skill level 5 in Invocations
  5960 | D:8      | Found a staircase to the Lair.
  5978 | D:8      | Noticed Serooblart's ghost (novice MiAK)
  6020 | D:8      | Killed Serooblart's ghost
  6020 | D:8      | Reached XP level 10. HP: 62/90 MP: 11/13
  6067 | D:8      | Noticed a death yak
  6067 | D:8      | Noticed a death yak
  6067 | D:8      | Noticed a death yak
  6133 | D:7      | Killed a death yak
  6212 | D:7      | Demolished by a death yak

Skill      XL: |  1  2  3  4  5  6  7  8  9 10 |
---------------+-------------------------------+-----
Axes           | 3 4 5 6 7 8 |  8.5
Dodging        | 1 3 5 7 |  7.5
Fighting       | 4 5 7 8 9 |  9.1
Armour         | 4 5 7 8 9 |  9.1
Invocations    | 1 5 6 |  6.3
Shields        | |  3.6

Action                   |  1- 3 |  4- 6 |  7- 9 | 10-12 || total
-------------------------+-------+-------+-------+-------++-------
Melee: War axe           |    78 |   172 |   358 |    31 ||   639
       Headbutt          |     7 |    36 |    76 |    10 ||   129
Evoke: Wand              |       |       |     7 |       ||     7
  Use: Scroll            |       |       |       |     2 ||     2
  Eat: Chunk             |       |     5 |    12 |       ||    17
Armor: Scale mail        |    29 |     7 |       |       ||    36
       Pearl dragon scal |       |    68 |   165 |    12 ||   245
Dodge: Dodged            |    27 |    61 |   143 |     8 ||   239
Block: Shield            |    42 |    77 |   206 |    14 ||   339
